 Dungeon Crawl Stone Soup version 0.31-a0-726-g3c93526463 (webtiles) character file.

Game seed: 17712463202440895496

211 Gargoyl the Chopper (level 5, -4/33 HPs)
             Began as a Gargoyle Berserker on Sept 11, 2023.
             Was a Believer of Trog.
             Slain by an ogre
             ... wielding a +0 giant club
              (17 damage)
             ... on level 4 of the Dungeon.
             The game lasted 00:02:41 (2313 turns).

Gargoyl the Chopper (Gargoyle Berserker)            Turns: 2313, Time: 00:02:41

Health: -4/33      AC: 13    Str: 20    XL:     5   Next: 88%
Magic:  5/5        EV:  8    Int:  8    God:    Trog [**....]
Gold:   121        SH:  0    Dex: 11    Spells: 4/4 levels left

rFire   . . .        a - +0 hand axe (flame)
rCold   . . .        (no shield)
rNeg    + . .        c - +0 chain mail
rPois   ∞            (no helmet)
rElec   +            (no cloak)
rCorr   .            (no gloves)
SInv    .            (no boots)
Will    ++...        (no amulet) Stlth
                     (no ring)
HPRegen 1.25/turn    (no ring)
MPRegen 0.09/turn

%: no passive effects
@: strong-willed, on berserk cooldown, regenerating, slowed, very slow
A: sickness immunity, AC +4, negative energy resistance 1, electricity
resistance, torment resistance 1, petrification resistance
a: Renounce Religion, Berserk, Trog's Hand


You were on level 4 of the Dungeon.
You worshipped Trog.
Trog was pleased with you.
You visited 1 branch of the dungeon, and saw 4 of its levels.

You collected 121 gold pieces.

Inventory:

Hand Weapons
 a - a +0 hand axe of flaming (weapon)
Armour
 c - a +0 chain mail (worn)
Jewellery
 e - a +6 ring of dexterity
 j - a +6 ring of strength
Scrolls
 b - 4 scrolls of identify
 d - 2 scrolls of vulnerability
 k - a scroll of revelation {unknown}
Potions
 f - a potion of brilliance {unknown}
 g - a potion of ambrosia {unknown}
 h - a potion of heal wounds {unknown}
 i - a potion of mutation {unknown}
 l - a potion of invisibility {unknown}


   Skills:
 + Level 4.2 Fighting
 + Level 4.4 Axes
 * Level 3.7 Armour
 * Level 2.0 Dodging
 + Level 0.1 Stealth


You had 4 spell levels left.
You didn't know any spells.
Your spell library was empty.

Dungeon Overview and Level Annotations

Branches:
Dungeon (4/15)
 Temple: D:4-7

Altars:


Innate Abilities, Weirdness & Mutations

You are immune to sickness and miasma.
Your stone body is resilient. (AC +4)
You are immune to poison.
You resist negative energy. (rN+)
You are resistant to electric shocks. (rElec)
You are resistant to unholy torment.
You are immune to petrification.


Message History

You slash the jackal! You burn the jackal.
You kill the jackal!
Trog accepts your kill.
A giant cockroach comes into view.
Found 3 gold pieces.
You feel a strong urge to attack something.
You are no longer berserk.
You are exhausted.
You feel yourself slow down.
You hit the giant cockroach. You burn the giant cockroach.
The giant cockroach is almost dead.
The giant cockroach bites you but does no damage. x2
You barely miss the giant cockroach.
The giant cockroach is almost dead.
The giant cockroach bites you but does no damage.
The giant cockroach closely misses you.
You hit the giant cockroach. You burn the giant cockroach.
You kill the giant cockroach!
Trog accepts your kill.
You see here a giant cockroach corpse.
You start resting.
An ogre comes into view. It is wielding a +0 giant club.
The ogre shouts!
Your skin crawls.
You feel strong-willed.
You hit the ogre. You burn the ogre.
The ogre is moderately wounded.
The ogre hits you with a +0 giant club!!
Ouch! That really hurt!
* * * LOW HITPOINT WARNING * * *
The ogre hits you but does no damage.
You hit the ogre but do no damage.
The ogre is moderately wounded.
The ogre closely misses you.
Okay, then.
You hit the ogre. You burn the ogre.
The ogre is moderately wounded.
The ogre hits you with a +0 giant club!
Ouch! That really hurt!
You die...

.......
...###........... .....
#................ ...
#...............#
#.##..##...........#
#.†#.##.............
##...##...........#
####.......#........#.
#...........#<........
#.$##..†..O@#.........
.....#...)).....#.....#.
.... #...†.....##.....#
... ##.......)#......#
... #.................#
..........)...###....
...................##
~.##.......#####..
~~~..#..##..##


You could see an ogre.

Vanquished Creatures
  A hound (D:4)
  2 orc wizards
  3 adders
  3 gnolls (D:2)
  A dart slug (D:1)
  7 orcs
  3 endoplasms
  A giant cockroach (D:4)
  5 goblins
  6 hobgoblins
  8 jackals
  A quokka (D:3)
  3 ball pythons
  6 bats
  3 frilled lizards
  9 kobolds
  5 rats
67 creatures vanquished.

Notes
Turn   | Place    | Note
-------+----------+-------------------------------------------
     0 | D:1      | Gargoyl the Gargoyle Berserker began the quest for the Orb.
     0 | D:1      | Reached XP level 1. HP: 14/14 MP: 1/1
   127 | D:1      | Reached XP level 2. HP: 13/19 MP: 2/2
   789 | D:1      | Reached XP level 3. HP: 24/24 MP: 3/3
   972 | D:2      | You fall into a shaft and drop 2 floors!
  1140 | D:3      | Reached ** piety under Trog
  1428 | D:2      | Reached XP level 4. HP: 27/29 MP: 4/4
  1890 | D:3      | Reached XP level 5. HP: 33/33 MP: 5/5
  2303 | D:4      | Noticed an ogre
  2313 | D:4      | Slain by an ogre

Illustrated notes

Levels and vault maps discovered:
D:1:      minmay_arrival_three_doors, layout_loops_ring, minmay_misc_feat_alley,
          grunt_decor_clamped, due_unseen_surprise
D:2:      layout_basic, minmay_misc_feat_four_crosses,
          dreamdust_princess_corridor
D:3:      layout_loops_ring, columned_hall_lemuel
D:4:      cheibrodos_thug_alley, layout_cave_pools, serial_shops, shop,
          hangedman_abyss_or_decor_lesser_grid

Skill      XL: |  1  2  3  4  5 |
---------------+----------------+-----
Axes           | 3 4 |  4.4
Armour         | 3 |  3.7
Fighting       | 4 |  4.2
Dodging        | 2 |  2.0
Stealth        | |  0.1

Action                     |  1- 3 |  4- 6 || total
---------------------------+-------+-------++-------
  Melee: Hand axe          |   112 |    79 ||   191
         Punch             |     1 |       ||     1
 Invoke: Berserk           |     2 |     2 ||     4
         Trog's Hand       |       |     2 ||     2
    Use: Scroll            |     5 |       ||     5
 Armour: Animal skin       |    23 |       ||    23
         Chain mail        |    82 |    85 ||   167
  Dodge: Dodged            |    69 |    33 ||   102

Table legend: (Time is in decaauts)
 A = Elapsed time spent in this place.
 B = Non-inter-level travel time spent in this place.
 C = Inter-level travel time spent in this place.
 D = Time resting spent in this place.
 E = Time spent auto-exploring this place.
 F = Levels seen in this place.
 G = Mean time per level.
                   A        B        C        D        E       F      G
               +--------+--------+--------+--------+--------+-----+--------+
         Total |   2363 |   2305 |     58 |    176 |   1536 |   4 |  590.8 |
       Dungeon |   2363 |   2305 |     58 |    176 |   1536 |   4 |  590.8 |
               +--------+--------+--------+--------+--------+-----+--------+

Top non-repeatable levels by time:
     D:1: 902 daAuts
     D:2: 784 daAuts
     D:3: 614 daAuts
     D:4: 60 daAuts
